 Dungeon Crawl Stone Soup version 0.27.0-1-g7a089689b8 (webtiles) character file.

Game seed: 18229470258941985752

115 Descartes the Ducker (level 4, -20/21 HPs)
             Began as a Felid Monk on Aug 1, 2021.
             Demolished by an ogre (25 damage)
             ... on level 4 of the Dungeon.
             The game lasted 00:03:21 (2995 turns).

Descartes the Ducker (Felid Monk)                   Turns: 2995, Time: 00:03:22

Health: -20/21     AC:  1    Str:  8    XL:     4   Next: 68%
Magic:  5/5        EV: 20    Int: 11    God:
Gold:   120        SH:  0    Dex: 18    Spells: 3/3 levels left
                                        Lives:  0   Deaths: 1

rFire    + . .     SeeInvis +     - Unarmed
rCold    . . .     Faith    .   (shield unavailable)
rNeg     . . .     Spirit   .   (armour unavailable)
rPois    .         Reflect  .   (helmet unavailable)
rElec    .         Harm     .   (cloak unavailable)
rCorr    .         Rampage  .   (gloves unavailable)
Will     .....                  (boots unavailable)
Stlth    +++.......             (no amulet)
HPRegen  0.07/turn              a - ring of protection from fire
MPRegen  0.09/turn              (no ring)

@: quick
A: very small, claws 1, fangs 3, see invisible, speed 1, shaggy fur 1, stealthy
paws, no weapons or thrown items, no armour, multi-lived
a: no special abilities


You were on level 4 of the Dungeon.
You visited 1 branch of the dungeon, and saw 4 of its levels.

You collected 120 gold pieces.

Inventory:

Jewellery
 a - a ring of protection from fire (left paw)
 j - an amulet of faith
Scrolls
 b - a scroll of holy word {unknown}
 e - 2 scrolls of teleportation
 g - a scroll of torment {unknown}
 h - a scroll of amnesia {unknown}
 i - a scroll of enchant armour {unknown}
Potions
 d - 2 potions of brilliance
 f - 2 potions of haste
 k - a potion of ambrosia {unknown}


   Skills:
 - Level 3.0 Fighting
 + Level 5.6 Dodging
 + Level 5.0 Stealth
 + Level 4.2 Unarmed Combat


You had 3 spell levels left.
You didn't know any spells.
Your spell library contained the following spells:

 Spells                   Type           Power      Damage    Failure   Level
 Borgnjor's Revivificati  Necr           0%         N/A       100%        8
 Necromutation            Tmut/Necr      0%         N/A       100%        8
 Death's Door             Necr           0%         N/A       100%        9


Dungeon Overview and Level Annotations

Branches:
Dungeon (4/15)
 Temple: D:4-7

Altars:
Cheibriados
Dithmenos
Makhleb
Yredelemnul
Zin


Innate Abilities, Weirdness & Mutations

You have sharp claws.
You have razor-sharp teeth.
You have supernaturally acute eyesight. (SInv)
You cover ground quickly. (Speed+)
You are covered in fur. (AC +1)
Your paws help you pounce on unaware monsters.
You are incapable of wielding weapons or throwing items.
You cannot wear armour.
You gain extra lives every three experience levels.


Message History

The ogre is heavily wounded.
You scratch the ogre.
The ogre is severely wounded.
The ogre closely misses you.
You scratch the ogre.
The ogre is severely wounded.
The ogre completely misses you.
You scratch the ogre but do no damage.
The ogre is severely wounded.
You barely miss the ogre.
The ogre is severely wounded.
The ogre closely misses you.
You barely miss the ogre.
The ogre is severely wounded.
The ogre hits you with a +0 giant club!
Ouch! That really hurt!
* * * LOW HITPOINT WARNING * * *
You are too injured to fight recklessly!
You are too injured to fight recklessly!
You are too injured to fight recklessly!
You are too injured to fight recklessly!
You are too injured to fight recklessly!
You are too injured to fight recklessly!
You are too injured to fight recklessly!
You are too injured to fight recklessly!
You are too injured to fight recklessly!
You are too injured to fight recklessly!
You are too injured to fight recklessly!
You are too injured to fight recklessly!
You are too injured to fight recklessly!
You scratch the ogre.
The ogre is severely wounded.
You scratch the ogre.
The ogre is almost dead.
The ogre misses you.
You scratch the ogre.
The ogre is almost dead.
The ogre hits you with a +0 giant club!!
Ouch! That really hurt!
You die...

........)...+
#............#
#....[.......#
#............#
#............#
#............#
#.........O..#
#........@...#
#............#
#............#
#####'#......#
#.....#......#
+.....+......#
##....#......#
##....#......#
#.....#......#


You could see an ogre.

Vanquished Creatures
  Jessica (D:3)
  An iguana (D:3)
  A scorpion zombie (D:3)
  3 adders
  An adder zombie (D:3)
  2 worms (D:3)
  An orc (D:3)
  4 endoplasms
  4 giant cockroaches
  4 hobgoblins
  4 jackals (D:2)
  5 quokkas
  5 ball pythons
  A ball python zombie (D:3)
  A bat (D:1)
  A frilled lizard (D:3)
  7 goblins
  5 kobolds
  2 rats
53 creatures vanquished.

Notes
Turn   | Place    | Note
-------+----------+-------------------------------------------
     0 | D:1      | Descartes the Felid Monk began the quest for the Orb.
     0 | D:1      | Reached XP level 1. HP: 10/10 MP: 2/2
   236 | D:1      | Reached XP level 2. HP: 13/14 MP: 3/3
  1149 | D:2      | Reached XP level 3. HP: 10/17 MP: 4/4
  1880 | D:3      | Found a shadowy altar of Dithmenos.
  1880 | D:3      | Found a burning altar of Makhleb.
  1881 | D:3      | Found a snail-covered altar of Cheibriados.
  2134 | D:3      | Reached skill level 5 in Dodging
  2134 | D:3      | Reached XP level 4. HP: 19/21 MP: 5/5
  2172 | D:3      | Found a basalt altar of Yredelemnul.
  2188 | D:3      | Slain by a scorpion zombie
  2189 | D:3      | Reached XP level 3. HP: 0/17 MP: 4/4
  2248 | D:3      | Found a glowing silver altar of Zin.
  2406 | D:3      | Reached XP level 4. HP: 21/21 MP: 5/5
  2724 | D:3      | Noticed Jessica
  2731 | D:3      | Killed Jessica
  2732 | D:3      | Reached skill level 5 in Stealth
  2977 | D:4      | Noticed an ogre
  2995 | D:4      | Demolished by an ogre

Illustrated notes

Levels and vault maps discovered:
D:1:      minmay_arrival_split_and_join, layout_rooms
D:2:      layout_loops_ring, serial_aquarium, aquarium_bridge_long_separate
          [aquarium_subvault_window, aquarium_subvault_bridge,
          aquarium_subvault_balcony, aquarium_subvault_bridge,
          aquarium_subvault_bridge, aquarium_subvault_bridge],
          aquarium_window_1, aquarium_window_fake, aquarium_window_1,
          aquarium_view_2d, lightli_corner_chamber
D:3:      layout_basic, nicolae_yredelemnul_corpse_copse,
          nicolae_overflow_quartered_altars, chequers_arboretum, uniq_jessica
D:4:      layout_gridville, serial_bayou_crossing

Skill      XL: |  1  2  3  4 |
---------------+-------------+-----
Stealth        | 3 4 5 |  5.0
Dodging        | 5 |  5.6
Unarmed Combat | 4 |  4.2
Fighting       | |  3.0

Action                   |  1- 3 |  4- 6 || total
-------------------------+-------+-------++-------
Melee: Unarmed           |   131 |    55 ||   186
       Bite              |     8 |     8 ||    16
       Punch             |       |     1 ||     1
  Use: Scroll            |       |     3 ||     3
 Stab: Sleeping          |    12 |     2 ||    14
Armor: Skin              |     3 |     2 ||     5
Dodge: Dodged            |    94 |    36 ||   130
